Cogmind - Beta 13 @@@ ROGUE MODE // 2024.04.02 @ 18:42:49 Player: Niko Result: Destroyed by G-47 Trooper with Particle Gun Performance ------------- Evolutions (2) 1000 Regions Visited (4) 800 Robots Destroyed (20) 100 Value Destroyed (592) 592 Prototype IDs (0) 0 Alien Tech Used (0) 0 Bonus (0) 0 TOTAL SCORE: 2492 Bonus ------- None Cogmind --------- Core Integrity 0/550 Matter 216/300 Energy 100/100 System Corruption 0% Temperature Cool (50) Movement Core (50) Location -8/Materials Parts ------- > --- POWER (1) -------- (None) > --- PROPULSION (3) --- (None) > --- UTILITY (4) ------ (None) > --- WEAPON (3) ------- (None) > --- INVENTORY (5) ---- Small Matter Pod (50) Sensor Array Medium Reactive Plating System Shield System Shield Peak State ------------ > --- POWER ------------ Ion Engine > --- PROPULSION ------- Light Treads Light Treads > --- UTILITY ---------- Large Storage Unit Structural Scanner Medium Reactive Plating Medium Reactive Plating > --- WEAPON ----------- Assault Rifle Improved Light Cannon > --- INVENTORY -------- Improved Ion Engine Heat Sink Small Matter Pod Sensor Array Medium Armor Plating Medium Reactive Plating System Shield System Shield System Shield High-powered Tractor Beam High-powered Tractor Beam Small Laser Datajack [Rating: 18] Favorites ----------- Power Ion Engine Engine Ion Engine Propulsion Light Treads Treads Light Treads Utility Structural Scanner Device Structural Scanner Storage Large Storage Unit Protection Medium Reactive Plating Weapon Light Assault Rifle Energy Gun Small Laser Ballistic Gun Light Assault Rifle Ballistic Cannon Improved Light Cannon Launcher Grenade Launcher Build | -11 -10 -9 -9 -8 ------- Run | Yrd Mat Mat Min Mat Slots Evolved 4 | . . 2 . 2 Power . | . . . . . Propulsion 1 | . . 1 . . Utility 2 | . . . . 2 Weapon 1 | . . 1 . . Parts Attached 27 | 6 7 2 . 12 Power 2 | 1 1 . . . Engine 2 | 1 1 . . . Core . | . . . . . Reactor . | . . . . . Propulsion 3 | 2 . 1 . . Treads 3 | 2 . 1 . . Leg . | . . . . . Wheel . | . . . . . Hover . | . . . . . Flight . | . . . . . Utility 9 | 1 3 . . 5 Device 2 | . 2 . . . Storage 2 | 1 1 . . . Processor . | . . . . . Hackware . | . . . . . Protection 5 | . . . . 5 Artifact . | . . . . . Weapon 13 | 2 3 1 . 7 Energy Gun 1 | . . . . 1 Energy Cannon . | . . . . . Ballistic Gun 9 | 2 3 . . 4 Ballistic Cannon 1 | . . . . 1 Launcher 2 | . . 1 . 1 Special Weapon . | . . . . . Impact Weapon . | . . . . . Slashing Weapon . | . . . . . Piercing Weapon . | . . . . . Special Melee Weapon . | . . . . . Unidentified Prototypes . | . . . . . Parts Lost 15 | . . . . 15 Power 1 | . . . . 1 Propulsion 3 | . . . . 3 Utility 5 | . . . . 5 Weapon 6 | . . . . 6 Highest Loss Streak 8 | . . . . 8 To Critical Strikes . | . . . . . Average Slot Usage (%) 88 | . 93 100 100 62 Engine 10 | . 13 11 11 5 Treads 25 | . 28 33 33 12 Device 8 | . 8 11 11 6 Storage 11 | . 14 11 11 8 Protection 3 | . . . . 14 Ballistic Gun 19 | . 27 22 22 5 Ballistic Cannon 1 | . . . . 4 Launcher 5 | . . 11 11 3 Naked Turns 5 | . . . . 5 Heaviest Build 72 | 11 29 31 31 72 Greatest Support 60 | 40 40 60 60 60 Greatest Overweight (x) 21 | . . . . 21 Average Overweight (x) . | . . . . 1 Largest Inventory Capacity 15 | 8 15 15 15 15 Average Capacity 12 | 7 9 15 15 14 Most Carried 15 | 5 8 14 15 15 Average Carried 7 | . 3 8 14 12 Final Capacity 15 | 8 15 15 15 5 Final Carried 15 | . 6 14 15 5 Class Distribution -------------------- 51% | Mutant 38% | Skirmisher 9% | Tank Dominant Class ---------------- Mutant | -10/Materials Skirmisher | -9/Materials Skirmisher | -9/Mines Mutant | -8/Materials Resources | -11 -10 -9 -9 -8 ----------- Run | Yrd Mat Mat Min Mat Matter Collected 621 | 185 131 159 77 69 Remotely . | . . . . . Salvage Created 467 | . 131 167 19 150 Parts 34 | . 8 11 5 10 Haulers Intercepted . | . . . . . Recyclers Shooed 1 | . . 1 . . Parts Field Recycled . | . . . . . Retrieved Matter . | . . . . . Parts Self-Destructed . | . . . . . Prevented . | . . . . . Kills | -11 -10 -9 -9 -8 ------- Run | Yrd Mat Mat Min Mat Combat Hostiles Destroyed 19 | . 5 6 3 5 Guns 11 | . 5 4 1 1 Cannons 1 | . . . . 1 AOE 7 | . . 2 2 3 Classes Destroyed 7 | . 2 2 . 3 Operator 1 | . . 1 . . Swarmer 9 | . 3 3 3 . Grunt 5 | . 2 1 . 2 Duelist 1 | . . . . 1 Sentry 2 | . . 2 . . Specialist 1 | . . . . 1 Heavy 1 | . . . . 1 Best Kill Streak 3 | . 3 3 3 3 Combat Bots Only 3 | . 3 3 3 3 Max Kills in Single Turn 2 | . 1 2 2 2 Gunslinging . | . . . . . Exploded 2 | . . 2 2 2 Melee . | . . . . . Uniques/NPCs Destroyed . | . . . . . Combat | -11 -10 -9 -9 -8 -------- Run | Yrd Mat Mat Min Mat Hostile Shots Fired 264 | . 33 30 2 199 Missed 62 | . 8 9 1 44 Damage Taken 3100 | . 243 267 8 2582 Core 654 | . 51 46 . 557 Absorbed by Shields . | . . . . . Ignored by Resistances 260 | . . . . 260 Core Remaining (%) 89 | 100 79 . 88 . Volleys Fired 72 | . 19 20 2 31 Largest 2 | . 2 2 2 2 Hottest 79 | . 40 40 40 79 Shots Fired 129 | . 38 37 3 51 Gun 103 | . 38 34 2 29 Cannon 19 | . . . . 19 Launcher 7 | . . 3 1 3 Special . | . . . . . Kinetic 109 | . 38 34 2 35 Thermal 13 | . . . . 13 Explosive 7 | . . 3 1 3 Electromagnetic . | . . . . . Robot Hit Streak 8 | . 6 6 6 8 Robot Miss Streak 4 | . 2 2 . 4 Penetration Max . | . . . . . Secondary Targets . | . . . . . Shots Hit Robots 79 | . 21 24 2 32 Core Hits 52 | . 10 14 4 24 Critical Kills . | . . . . . Critical Parts Destroyed 1 | . . 1 . . Critical Strikes 1 | . . 1 . . Destroy 1 | . . 1 . . Melee Attacks . | . . . . . Impact . | . . . . . Slashing . | . . . . . Piercing . | . . . . . Sneak Attacks . | . . . . . Combat Hostiles . | . . . . . Follow-up Attacks . | . . . . . Damage Inflicted 1522 | . 219 363 143 797 Guns 587 | . 219 185 13 170 Cannons 290 | . . . . 290 Explosions 642 | . . 178 130 334 Melee . | . . . . . Ramming 3 | . . . . 3 Kinetic 777 | . 219 185 13 360 Thermal 100 | . . . . 100 Explosive 642 | . . 178 130 334 Electromagnetic . | . . . . . Impact . | . . . . . Slashing . | . . . . . Piercing . | . . . . . Highest Corruption . | . . . . . Average Corruption . | . . . . . Corruption Purged . | . . . . . Corruption Blocked . | . . . . . Overload Shots . | . . . . . Overflow Damage 32 | . . 32 . . Projectiles . | . . . . . Explosions 32 | . . 32 . . Melee . | . . . . . Knockbacks 4 | . . . . 4 Impact . | . . . . . Kinetic 4 | . . . . 4 Secondary . | . . . . . Self-Inflicted Damage . | . . . . . Shots . | . . . . . Rammed 9 | . . . . 9 Targets Rammed 9 | . . . . 9 Kicked . | . . . . . Crushed . | . . . . . Highest Temperature 245 | . 12 6 . 245 Average Temperature 55 | . 6 4 . 67 Received Heat Transfer 1404 | . 84 78 . 1242 Siege Activations . | . . . . . Robots Corrupted . | . . . . . Combat Hostiles . | . . . . . Parts Fried . | . . . . . Impact Corruptions . | . . . . . Robots Melted . | . . . . . Combat Hostiles . | . . . . . Parts Melted . | . . . . . Heat Transferred 225 | . . . . 225 Parts Sabotaged . | . . . . . Parts Stolen . | . . . . . Parts Stripped . | . . . . . Power Chain Reactions . | . . . . . Alert | -11 -10 -9 -9 -8 ------- Run | Yrd Mat Mat Min Mat Peak Influence 210 | . 140 210 89 163 Initial 34 | . . . 9 34 Average 94 | . 68 138 70 94 Maximum Alert Level 1 | . . 1 . . Low Security (%) 83 | 100 100 48 100 100 Level 1 16 | . . 51 . . Level 2 . | . . . . . Level 3 . | . . . . . Level 4 . | . . . . . Level 5 . | . . . . . High Security . | . . . . . Max Security . | . . . . . Squads Dispatched 4 | . . 1 . 3 Investigation . | . . . . . Extermination . | . . . . . Reinforcement 4 | . . 1 . 3 Assault . | . . . . . Garrison . | . . . . . Intercept . | . . . . . Searches Triggered . | . . . . . Construction Impeded 1 | . . . . 1 Haulers Reinforced . | . . . . . Active Scanning Responses . | . . . . . Cargo Convoy Interrupts . | . . . . . Stealth | -11 -10 -9 -9 -8 --------- Run | Yrd Mat Mat Min Mat Distress Signals . | . . . . . Communications Jammed . | . . . . . Distress Signals . | . . . . . Times Spotted 30 | . 7 9 3 11 Peak Tracking Total 4 | . 3 3 3 4 Tactical Retreats 1 | . 1 . . . Traps | -11 -10 -9 -9 -8 ------- Run | Yrd Mat Mat Min Mat Traps Triggered 1 | . 1 . . . Indirectly . | . . . . . Trap Hack Attempts . | . . . . . Triggered . | . . . . . Disarmed . | . . . . . Reprogrammed . | . . . . . Reused . | . . . . . Traps Extracted . | . . . . . Installed . | . . . . . Triggered . | . . . . . Machines | -11 -10 -9 -9 -8 ---------- Run | Yrd Mat Mat Min Mat Machines Disabled 3 | . . . . 3 Max in Single Turn 1 | . . . . 1 Machines Repaired . | . . . . . Machines Dismantled . | . . . . . Machines Sabotaged . | . . . . . Overloaded Fab Kills . | . . . . . Hacking | -11 -10 -9 -9 -8 --------- Run | Yrd Mat Mat Min Mat Machines Accessed 1 | . . . . 1 Terminals 1 | . . . . 1 Fabricators . | . . . . . Repair Stations . | . . . . . Recycling Units . | . . . . . Scanalyzers . | . . . . . Garrison Access . | . . . . . Total Hacks 1 | . . . . 1 Successful 1 | . . . . 1 Failed . | . . . . . Catastrophic . | . . . . . Database Lockouts . | . . . . . Manual . | . . . . . Terminals 1 | . . . . 1 Fabricators . | . . . . . Repair Stations . | . . . . . Recycling Units . | . . . . . Scanalyzers . | . . . . . Garrison Access . | . . . . . Terminal Hacks 1 | . . . . 1 Alert Level 1 | . . . . 1 Fabricator Hacks . | . . . . . Repair Station Hacks . | . . . . . Recycling Unit Hacks . | . . . . . Scanalyzer . | . . . . . Garrison Access Hacks . | . . . . . Unauthorized Hacks . | . . . . . Terminals . | . . . . . Fabricators . | . . . . . Repair Stations . | . . . . . Recycling Units . | . . . . . Scanalyzers . | . . . . . Garrison Access . | . . . . . Data Cores Recovered . | . . . . . Used . | . . . . . Hacking Detections 1 | . . . . 1 Full Trace Events . | . . . . . Feedback Events . | . . . . . Feedback Blocked . | . . . . . Robot Schematics Acquired . | . . . . . Robots Built . | . . . . . Authchips . | . . . . . Time . | . . . . . Total Robot Build Rating . | . . . . . Part Schematics Acquired . | . . . . . Parts Built . | . . . . . Authchips . | . . . . . Time . | . . . . . Total Part Build Rating . | . . . . . Parts Repaired . | . . . . . Time . | . . . . . Parts Recycled . | . . . . . Recycled Matter . | . . . . . Retrieved Matter . | . . . . . Retrieved Components . | . . . . . Parts Scanalyzed . | . . . . . Part Schematics Acquired . | . . . . . Parts Damaged . | . . . . . Bothacking | -11 -10 -9 -9 -8 ------------ Run | Yrd Mat Mat Min Mat Used RIF Installer . | . . . . . Robots Hacked . | . . . . . Non-combat . | . . . . . Combat . | . . . . . Robot Hacks Applied . | . . . . . Relay Couplers Released . | . . . . . Fabnet Peak Effective % . | . . . . . Robots Rewired . | . . . . . Allies Hacked . | . . . . . Hacks Repelled . | . . . . . Allies | -11 -10 -9 -9 -8 -------- Run | Yrd Mat Mat Min Mat Total Allies . | . . . . . Largest Group . | . . . . . Highest-Rated Group . | . . . . . Highest-Rated Ally . | . . . . . Total Orders . | . . . . . Ally Attacks . | . . . . . Total Damage . | . . . . . Kills . | . . . . . Allies Corrupted . | . . . . . Allies Melted . | . . . . . Intel | -11 -10 -9 -9 -8 ------- Run | Yrd Mat Mat Min Mat Robot Analysis Total . | . . . . . Derelict Logs Recovered . | . . . . . Drone Launches . | . . . . . Drone Recoveries . | . . . . . Exploration | -11 -10 -9 -9 -8 ------------- Run | Yrd Mat Mat Min Mat Turns Passed 1436 | 61 473 456 94 352 Spaces Moved 674 | 46 237 247 56 88 Core 35 | 21 . . . 14 Treads 639 | 25 237 247 56 74 Legs . | . . . . . Wheels . | . . . . . Hover . | . . . . . Flight . | . . . . . Fastest Speed 50 | 50 160 160 160 50 Average Speed 164 | 109 160 160 160 218 Slowest Speed 1100 | 160 160 160 160 1100 Overloaded Moves . | . . . . . Propulsion Burnouts . | . . . . . Robots Hopped . | . . . . . Cave-ins Triggered . | . . . . . Exploration Rate (%) 20 | 4 40 27 19 12 Regions Visited 4 Branch Regions 1 Pre-discovered Areas . | . . . . . Known Exits Taken . | . . . . . Unknown Exits Taken 4 | 1 1 1 1 . Scrap Searched 3 | . . . 3 . Spaces Dug . | . . . . . Terrain Destroyed 36 | . . 18 10 8 Melee . | . . . . . Projectile . | . . . . . AOE 36 | . . 18 10 8 Terrain Rammed . | . . . . . Walls Destroyed . | . . . . . Machines Disabled . | . . . . . Actions | -11 -10 -9 -9 -8 --------- Run | Yrd Mat Mat Min Mat Total 843 | 56 298 278 58 153 Wait 23 | . 22 . . 1 Move 670 | 45 236 246 55 88 Hop . | . . . . . Pick Up 35 | 5 11 10 1 8 Fast Attach 2 | 1 . . . 1 Attach 24 | 5 6 2 . 11 Detach 1 | . 1 . . . Swap 1 | . 1 . . . Drop 6 | . 2 . . 4 Fire 72 | . 19 20 2 31 Melee . | . . . . . Ram 8 | . . . . 8 Kick . | . . . . . Crush 1 | . . . . 1 Escape Stasis . | . . . . . Rewire . | . . . . . Trap . | . . . . . Miscellaneous . | . . . . . Route ------- -11/Scrapyard -10/Materials (discovered 2 exits: [*Mat x2]) -9/Materials (discovered 2 exits: *Mat / [*Min]) -9/Mines -8/Materials History --------- Turn | Location | Event 5 | -11/Scrapyard | Discovered new exit (range 15) 62 | -11/Scrapyard | Entered Materials 300 | -10/Materials | Build established: Mutant 399 | -10/Materials | Discovered new exit (range 5) 529 | -10/Materials | Discovered new exit (range 4) 535 | -10/Materials | Entered another Materials area 535 | -9/Materials | Evolved 2 slots: Propulsion x1, Weapon x1 823 | -9/Materials | Build established: Skirmisher 907 | -9/Materials | Discovered new exit (range 13) 966 | -9/Materials | Discovered new exit (range 15) 991 | -9/Materials | Entered Mines 1048 | -9/Mines | Discovered new exit (range 8) 1085 | -9/Mines | Entered Materials 1085 | -8/Materials | Evolved 2 slots: Utility x2 1282 | -8/Materials | Lost 5 parts (2n1u2w) 1383 | -8/Materials | Core integrity fell below 50% 1407 | -8/Materials | Lost 8 parts (1p1n3u3w) 1425 | -8/Materials | Core integrity fell below 20% 1437 | -8/Materials | Destroyed by G-47 Trooper with Particle Gun Last Messages --------------- Slammed into G-47 Trooper. R-06 Scavenger collects Arm. Treads. R-06 Scavenger collects Cooling System. K-01 Serf collects debris. M-13 Machinist repairs G-47 Trooper. Slammed into G-47 Trooper. R-06 Scavenger collects Graphene Brace. K-01 Serf collects debris. Slammed into G-47 Trooper. Hrd. Heavy Armor Plating destroyed. Slammed into G-47 Trooper. Critical hit (Burn: +37). Dropped Lrg. Storage Unit. Critical hit (Burn: +37). Acquired 12 matter. Acquired Lgt. Assault Rifle. M-13 Machinist repairs G-47 Trooper. Critical hit (Burn: +37). Lgt. Assault Rifle destroyed. Critical hit (Burn: +37). Map ----- +----------------------------------------------------+ | ?????????????????????????????????????? | | ??????????????##########?????????????? | | ??????????????##########?????????????? | | ????? ???? # ########???????? | | ????? ????"#""" ########???????? | | ???##! [ "?"#""" # ##???????? | | ???## """#""" # ##???????? | | ???## """# # ##???????? | | ???## #""" # ##???????? | | ???## #""" # ##???????? | | ???## "T" #" " # # ???????? | | ##### # # # ???????? | | ##########+########+### # ???????? | | % % % # ???????? | | %% % + ???????? | | k """ ""# ???????? | | #####+### "" """ Y"# ???????? | | ##! # " """ "# ???????? | | ## ?? # % % % = # ???????? | | ## ????"# / ##???????? | | ???????"# *g%% !!##???????? | | ???????"# !%mg%%= !!##???????? | | ??????? # !!gg % ##???????? | | ???????## !! %! ! ##???????? | | ???????## ####" "### ##???????? | | ???????## ####"T"###% @% ##???????? | | ???????## ^####"""###!! ==####?????? | | ???????## "#########!!! ==# ##?????? | | ???????## ??##################?????? | | ???????## ????????####### ####?????? | | ???????# ?????????????#####???????? | | ??????? ???????????????####???????? | | ??????? ??????????????????????????? | | ??????? ??????????????????????????? | | ?????????? ??????????????????????????? | | ?????????????????????????????????????? | | ?????????????????????????????????????? | | ?????????????????????????????????????? | | ?????????????????????????????????????? | | ?????????????????????????????????????? | | ?????????????????????????????????????? | | ?????????????????????????????????????? | | ?????????????????????????????????????? | | ?????????????????????????????????????? | | ?????????????????????????????????????? | | ?????????????????????????????????????? | | ?????????????????????????????????????? | | ?????????????????????????????????????? | | ?????????????????????????????????????? | | ?????????????????????????????????????? | +----------------------------------------------------+ Best States ------------- Heat Dissipation 31 Energy Generation 10 Energy Capacity 250 Matter Stores 300 Matter Capacity 300 Sight Range 16 Terrain Scan Density 10 Armor Coverage 825 Resistance: KI 30 Evasion (%) 50 Recoil Reduction 3 Item Schematics ----------------- None Robot Schematics ------------------ None Fabricated ------------ Nothing Alien Tech Used ----------------- None Achievements -------------- None Challenges ------------ None Game ------ Seed ActiveFusionBattery Manual? 0 Play Time 00:15:03 Cumulative 12.2 hours Start 2024.04.02 @ 18:25:28 End 2024.04.02 @ 18:42:49 Sessions 1 Manual Loads 0 Difficulty Rogue Special Mode None Game No. 23 Rogue 23 Adventurer 0 Explorer 0 Win Type - Total 0 Types 0/0/0/0/0/0/0/0/0 Lore% 18 Gallery% 21 Achievement% 21 Wizard Run 0 Options --------- Layout 1 ASCII 0 Keyboard 0 Movement Mouse Keybinds 0 Fullscreen 1 Font 24/Smallcaps Map View 50x35 Zoom Use 0% Tactical HUD 0 Map Filters NONE Filters NONE Steam 1 RUN: 5524caf6-7580-4565-9810-d389d6f0c884